Map: Kairos Junction LE

Players

Woah

  • Race: Terran Terran
  • Spawn Location: 5:00

skrop - Winner!

  • Race: Protoss Protoss
  • League: Diamond
  • Spawn Location: 11:00

VOD

Have the link to the VOD?

Description

Time

  • Played on: June 14, 2019, 3:03 p.m.
  • Length: 15:51
Show
View Real Time Build Order
Export as new Build Order

Woah Terran 

Build Orders:  

Get SALT Encoding   

  12  0:01  SCV  
  13  0:13  SCV  
  14  0:18  Supply Depot  
  14  0:25  SCV  
  15  0:28  Refinery  
  15  0:41  Barracks  
  15  0:45  SCV  
  16  0:57  SCV  
  17  1:09  SCV  
  18  1:30  Orbital Command  
  18  1:41  Marine  
  18  1:42  Factory  
  19  1:51  Supply Depot  
  20  2:09  Refinery  
  20  2:15  SCV  
  20  2:25  Command Center  
  20  2:36  Barracks Reactor  
  20  2:37  Bunker  
  20  2:38  SCV  
  20  2:52  Bunker  
  20  2:54  SCV  
  21  3:01  Starport  
  21  3:02  Factory Tech Lab  
  21  3:07  SCV  
  21  3:12  Engineering Bay  
  20  3:33  Marine  
  20  3:34  Marine  
  20  3:52  SCV  
  20  4:04  SCV  
  20  4:06  Cyclone  
  24  4:16  SCV  
  26  4:19  Terran Infantry Weapons Level 1  
  26  4:20  Marine  
  26  4:22  Marine  
  27  4:30  SCV  
  28  4:49  Orbital Command  
  28  4:51  Raven  
  30  4:58  Marine x2  
  32  5:11  Factory Tech Lab, Barracks  
  32  5:12  Barracks  
  32  5:24  Marine x2  
  32  5:26  SCV x2  
  36  5:41  Orbital Command  
  36  5:55  SCV  
  37  6:04  Bunker  
  37  6:08  SCV  
  37  6:09  Starport Reactor  
  37  6:11  SCV  
  39  6:12  Factory Reactor  
  39  6:17  Stimpack  
  36  6:26  SCV x2  
  36  6:32  Command Center, Barracks  
  42  6:33  Marauder x2, Barracks, Marine x2  
  42  6:38  SCV x2  
  46  6:46  Refinery  
  46  6:55  Supply Depot  
  46  6:57  Supply Depot  
  46  7:16  SCV x2, Medivac  
  46  7:17  Marauder x2  
  46  7:22  Supply Depot  
  54  7:24  Supply Depot  
  54  7:28  SCV x2, Barracks Reactor  
  54  7:29  Barracks Tech Lab  
  56  7:31  Widow Mine  
  56  7:34  Widow Mine  
  60  7:39  Marine x2  
  60  7:43  SCV x2, Marine  
  65  7:48  Engineering Bay  
  65  7:55  SCV  
  65  7:56  SCV  
  67  8:06  Orbital Command  
  67  8:07  Combat Shield  
  67  8:08  SCV x2  
  67  8:12  Terran Infantry Armor Level 1  
  69  8:19  Armory  
  65  8:42  Ghost Academy  
  65  8:44  Supply Depot  
  65  8:45  Supply Depot  
  65  8:47  Supply Depot  
  65  8:49  Bunker  
  65  8:53  Widow Mine x2  
  65  8:55  Marine x3  
  71  8:57  Marine  
  71  9:02  Medivac  
  75  9:05  SCV  
  75  9:07  SCV  
  75  9:09  SCV  
  78  9:13  Ghost  
  80  9:30  Ghost  
  80  9:31  Ghost  
  82  9:32  Marine x4  
  88  9:47  Marauder  
  88  9:49  Marine  
  88  9:50  SCV, Marine x3  
  95  9:59  Marine x2  
  96  10:01  Hellion, Widow Mine  
  96  10:03  Terran Infantry Weapons Level 2, Orbital Command  
  101  10:07  Marine x2  
  101  10:08  Marine x3  
  106  10:16  Marine  
  106  10:17  Marine  
  108  10:22  Widow Mine  
  108  10:25  Marine x2  
  112  10:34  Marine  
  112  10:35  Marauder x2, Marine  
  116  10:43  Marine  
  117  11:03  Marine  
  117  11:04  Marauder x2, Marine x2  
  117  11:05  Marine  
  117  11:06  Marauder  
  86  11:22  Marine  
  81  11:25  Marauder  
  81  11:26  Marauder  
  81  11:27  Marauder  
  80  11:35  Liberator  
  74  11:41  Marine x3  
  74  11:43  Marine  
  74  11:45  Barracks  
  74  11:46  Barracks  
  78  11:47  Marauder x2, SCV x2  
  78  11:48  SCV  
  78  11:49  Marauder  
  78  11:50  Medivac  
  78  11:52  Barracks x2  
  90  11:58  Starport  
  90  11:59  SCV x2, Starport  
  90  12:00  SCV  
  93  12:04  Marine  
  94  12:10  Liberator  
  94  12:11  SCV x2, Refinery  
  94  12:12  SCV  
  94  12:14  Marauder, Marine x3  
  102  12:15  Marine x2  
  102  12:22  Marine  
  104  12:23  SCV  
  104  12:24  SCV x2  
  111  12:31  Marine  
  111  12:32  Marine x2  
  111  12:33  Sensor Tower  
  111  12:35  SCV, Barracks Reactor  
  111  12:36  SCV  
  116  12:38  Barracks Reactor  
  116  12:57  Command Center  
  116  12:59  Starport Tech Lab  
  116  13:00  Starport Reactor  
  116  13:06  Marine  
  116  13:08  Fusion Core  
  116  13:11  Marine x2  
  116  13:12  Marine  
  117  13:22  Refinery x2  
  117  13:24  Supply Depot, Sensor Tower, Marine x2  
  117  13:25  Supply Depot  
  117  13:27  Marine x3  
  117  13:29  Supply Depot  
  117  13:30  Barracks Reactor x2  
  120  13:40  Marine x4  
  124  13:41  Marine  
  124  13:46  Marine x3  
  128  13:57  Marine  
  128  13:58  Marine x2  
  133  14:08  SCV  
  133  14:09  SCV  
  133  14:10  Liberator  
  133  14:16  Marine x6  
  133  14:17  Marine x7  
  137  14:19  Liberator  
  147  14:34  Marine x3  
  147  14:37  Medivac  
  155  14:38  Marine x2  
  155  14:39  Marine x5  
  155  14:44  Marine x2  
  164  15:17  Marine  
  164  15:24  Marine  
  164  15:25  Marine  
  164  15:27  Marine  
Show
View Real Time Build Order
Export as new Build Order

skrop Protoss - Winner!

Build Orders:  

Get SALT Encoding   

  12  0:01  Probe  
  13  0:13  Probe  
  14  0:20  Pylon  
  14  0:25  Probe  
  15  0:36  Probe  
  15  0:39  Gateway  
  16  0:44  Probe  
  17  0:50  Assimilator  
  17  0:52  Probe  
  18  1:03  Pylon  
  18  1:11  Probe  
  19  1:20  Gateway  
  19  1:34  Zealot  
  21  1:40  Probe  
  21  1:41  Cybernetics Core  
  22  2:00  Probe  
  23  2:09  Stalker, Adept  
  26  2:23  Warp Gate  
  26  2:36  Nexus  
  26  2:39  Pylon  
  26  2:41  Probe  
  27  2:44  Stalker  
  29  2:55  Probe  
  30  3:04  Assimilator  
  30  3:09  Robotics Facility  
  30  3:31  Probe  
  29  3:43  Probe  
  30  3:52  Probe  
  30  3:54  Stalker x2  
  35  3:55  Probe  
  34  4:04  Probe  
  34  4:06  Observer  
  34  4:07  Probe  
  37  4:13  Assimilator  
  37  4:15  Assimilator  
  37  4:26  Gateway  
  37  4:28  Gateway  
  37  4:30  Gateway  
  37  4:38  Immortal, Probe x2  
  43  4:51  Probe x2  
  45  5:03  Probe x2  
  47  5:17  Immortal, Twilight Council  
  47  5:20  Pylon  
  51  5:25  Probe  
  51  5:26  Probe  
  51  5:27  Zealot  
  53  5:33  Pylon  
  53  5:34  Charge  
  53  5:52  Zealot x2  
  57  5:58  Immortal  
  57  6:03  Forge  
  61  6:07  Forge  
  57  6:29  Stalker x4  
  57  6:31  Protoss Ground Armor Level 1, Protoss Ground Weapons Level 1, Probe  
  66  6:45  Probe x2  
  68  6:51  Pylon  
  68  6:57  Probe x2  
  68  6:58  Blink  
  69  7:23  Nexus  
  69  7:24  Pylon  
  69  7:27  Photon Cannon  
  69  7:29  Pylon x2  
  69  7:47  Immortal  
  73  7:53  Probe x2  
  75  7:58  Photon Cannon  
  75  8:03  Stalker x2  
  75  8:04  Stalker  
  75  8:05  Probe  
  82  8:14  Gateway  
  82  8:26  Protoss Ground Weapons Level 2  
  77  8:34  Protoss Ground Armor Level 2  
  77  9:00  Photon Cannon  
  77  9:03  Photon Cannon  
  77  9:06  Stalker x2  
  77  9:07  Zealot x3  
  87  9:12  Stargate  
  87  9:15  Dark Shrine  
  87  9:42  Probe  
  87  9:43  Probe  
  89  9:49  Assimilator  
  89  9:50  Gateway  
  89  9:51  Assimilator, Photon Cannon  
  89  9:58  Robotics Bay  
  89  10:05  Fleet Beacon  
  89  10:09  Pylon  
  89  10:12  Pylon  
  89  10:52  Robotics Facility  
  87  10:57  Zealot x3  
  87  10:58  Zealot x3  
  85  11:13  Protoss Ground Weapons Level 3  
  73  11:31  Stalker  
  73  11:32  Stalker x3  
  75  11:43  Colossus  
  81  11:47  Tempest  
  86  11:58  Zealot x3  
  86  12:01  Zealot x3  
  98  12:12  Extended Thermal Lance  
  98  12:16  Probe  
  98  12:17  Probe  
  100  12:32  Nexus  
  100  12:33  Pylon  
  100  12:35  Protoss Ground Armor Level 3, Pylon  
  100  12:40  Pylon  
  100  12:47  Pylon  
  100  12:48  Colossus x2  
  100  12:50  Pylon  
  112  12:53  Pylon  
  112  13:00  Stalker x2  
  112  13:01  Stalker x3  
  120  13:17  Carrier  
  126  13:41  Colossus, Probe x3  
  135  13:51  Photon Cannon  
  135  13:53  Probe  
  135  13:54  Probe  
  137  14:29  Tempest  
  142  14:35  Nexus  
  143  14:45  Colossus  
  143  14:46  Observer  
Tags
 
League
Diamond
Matchup
PvT
Replay Pack
r1
Spawn Locations
Cross Positions
Add a new tag
Caveats
  • Supply blocks, unpowered buildings, or Contaminate may cause inaccurate times.
  • Supply counts are checked every 10 seconds.